Unix NetHack Version 3.7.0-53 Work-in-progress - last build Apr 4 2022 15:05:14 (0945cd16e85ecfe9c80600c62adfe552c28f66b8,branch:master). Game began 2022-04-08 19:04:47, ended 2022-04-09 19:45:24. spontiff, neutral male gnomish Healer ----- --.|.-- |.....| |....-- |....| --...-- ------- |....--- |.. ---..--.-- --.....----- --... --........--- --- |.........| ---.f.. |...........-- --.| ----......---....-- |............| ---..| |.............| ----............| |....| --............-| |..............-- |.|..| --^| |..............| |..............---- |.|--- |..-- --...B@d.......---......---........|--.| |...-----..............|..--...| --.-----.--..| --...%......).............--|-.-- --- |....-- |...<..-....--..).e.......|--..-- |..--- --...........>........|..--|....-- ---- --------..----.|....----- --....| ---- ----.--- ---.-- --- --- Spontiff the Rhizotomist St:10 Dx:8 Co:18 In:8 Wi:16 Ch:17 Neutral S:350 Dlvl:6 $:0 HP:0(20) Pw:7(7) AC:-1 Xp:1/0 T:5794 Deaf Latest messages: P - an orcish helm. Q - a pair of iron shoes. What do you want to use or apply? [fkostwxzSW or ?*] s In what direction? l Status of the little dog (neutral): Level 3 HP 5(11) AC 6, tame. In what direction? l The little dog looks better. What do you want to use or apply? [fkostwxzSW or ?*] x Your lamp is now off. Where do you want to travel to? (For instructions type a '?') What do you want to use or apply? [fkostwxzSW or ?*] x Your lamp is now on. What do you want to use or apply? [fkostwxzSW or ?*] o You produce a strange whistling sound. The little dog vanishes and reappears next to you. The cave spider misses! The little dog misses the cave spider. The cave spider bites! The little dog misses the cave spider. The little dog misses the cave spider. The cave spider just misses! The little dog misses the cave spider. The little dog misses the cave spider. The little dog bites the floating eye. The little dog is frozen by the floating eye's gaze! affsa: unknown extended command. What do you want to use or apply? [fkostwxzSW or ?*] W You start playing your drum. You beat a deafening row! The little dog turns to flee. The floating eye turns to flee. What do you want to use or apply? [fkostwxzSW or ?*] s You can't hear anything! You begin bashing monsters with your gloved hands. You hit the floating eye. You are frozen by the floating eye's gaze! The little dog bites the cave spider. The cave spider is killed! The little dog bites the floating eye. The little dog is frozen by the floating eye's gaze! The giant bat bites! The giant bat misses! The giant bat bites! The giant bat bites! The giant bat bites! The giant bat bites! You die... Do you want your possessions identified? [ynq] (y) y Do you want to see the dungeon overview? [ynq] (y) q Major events: Turn 1: spontiff the neutral male gnomish Healer entered the dungeon 1781: entered the Gnomish Mines 4575: reached Mine Town 5794: killed by a giant bat, while frozen by a floating eye's gaze Inventory: Weapons N - 2 uncursed +0 orcish daggers O - an uncursed +0 dwarvish short sword Armor h - an uncursed +0 dwarvish iron helm (being worn) P - an uncursed +0 orcish helm g - an uncursed +1 pair of leather gloves (being worn) Q - a cursed -1 pair of iron shoes v - an uncursed +1 pair of low boots (being worn) r - a blessed +1 small shield (being worn) q - an uncursed +0 elven cloak (being worn) Comestibles n - an uncursed food ration p - an uncursed tripe ration Potions L - an uncursed potion of blindness c - an uncursed potion of healing Wands S - an uncursed wand of sleep (0:5) Tools f - an uncursed bag of holding containing 32 items W - an uncursed leather drum x - an uncursed brass lantern (lit) z - an uncursed leash o - an uncursed magic whistle w - an uncursed mirror k - an uncursed skeleton key named SMOKY Gain Level s - an uncursed stethoscope t - an uncursed towel Contents of the bag of holding: 359 gold pieces 3 uncursed food rations an uncursed lembas wafer an uncursed scroll of amnesia an uncursed scroll of confuse monster an uncursed scroll of earth an uncursed scroll of enchant armor an uncursed scroll of enchant weapon an uncursed scroll of gold detection a blessed scroll of identify 2 uncursed scrolls of identify 2 uncursed scrolls of magic mapping an uncursed scroll of remove curse an uncursed scroll of stinking cloud a cursed scroll of teleportation an uncursed spellbook of confuse monster an uncursed spellbook of magic missile an uncursed spellbook of protection 4 uncursed potions of extra healing a blessed potion of fruit juice a cursed potion of fruit juice an uncursed potion of gain energy a blessed potion of hallucination 3 uncursed potions of water an uncursed ring of poison resistance an uncursed ring of teleport control 7 uncursed tallow candles an uncursed tinning kit (0:83) an uncursed chrysoberyl stone an uncursed worthless piece of blue glass an uncursed worthless piece of green glass an uncursed worthless piece of yellowish brown glass Spontiff the Healer's attributes: Background: You were a Rhizotomist, a level 1 male gnomish Healer. You were neutral, on a mission for Hermes who was opposed by Athena (lawful) and Poseidon (chaotic). You were in the Gnomish Mines, on level 6. You entered the dungeon 5794 turns ago. You had 0 experience points, 20 were needed to attain level 2. Your score was 350 before end-of-game adjustments. Basics: You had 0 out of 20 hit points. You had all 7 energy points (spell power). Your armor class was -1. Your wallet was empty. Autopickup was on for '$!/="?' plus thrown, with exceptions. Final Characteristics: Your strength was 10 (limit:18/50). Your dexterity was 8 (limit:18). Your constitution was 18 (limit:18). Your intelligence was 8 (limit:19). Your wisdom was 16 (limit:18). Your charisma was 17 (limit:18). Final Status: You were deaf. You were not hungry. You were unencumbered. You were empty handed. You were unskilled in bare handed combat. Final Attributes: You were piously aligned. You were poison resistant. You had infravision. You were stealthy. You had a small defense bonus (+2). You were warded. You are dead. Miscellaneous: You never encountered a bones level. Total elapsed playing time was 1 hour, 35 minutes and 9 seconds. Vanquished creatures: a giant mimic 3 small mimics a large dog a watchman 2 giant spiders a rock piercer a rock mole a pony 2 fog clouds a shrieker 2 gnome leaders a gray ooze 2 giant ants a little dog a kitten 2 dwarves a homunculus 2 hill orcs 2 rothes an orc zombie a wererat a werejackal 2 iguanas 2 acid blobs a coyote 2 hobbits 2 manes 2 large kobolds 5 hobgoblins 14 giant rats 3 cave spiders 2 yellow molds 3 gnomes 2 garter snakes a gnome zombie 8 geckos 11 jackals 4 foxes 2 kobolds 11 goblins 4 sewer rats 7 grid bugs 2 bats 5 lichens 2 kobold zombies 9 newts 137 creatures vanquished. No species were genocided or became extinct. Voluntary challenges: You never hit with a wielded weapon. You were a pacifist. You read items or engraved 1 time. You never engraved Elbereth. You never genocided any monsters. You never polymorphed an object. You never changed form. You used no wishes. Achievements: You entered the Gnomish Mines. You entered a shop. You entered Minetown. You entered a temple. The Dungeons of Doom: levels 1 to 8 Level 1: "Stashlet" An altar. Level 2: A sink. Level 3: Level 4: Some fountains. Stairs down to The Gnomish Mines. Level 5: A shop. Level 6: A fountain, a sink. Level 7: Level 8: The Gnomish Mines: levels 5 to 7 Level 5: Level 6: <- You were here. Final resting place for you, killed by a giant bat, while frozen by a floating eye's gaze. Level 7: Many shops, a temple, some fountains. Game over: ---------- / \ / REST \ / IN \ / PEACE \ / \ | spontiff | | 359 Au | | killed by a | | giant bat | | | | | | 2022 | *| * * * | * _________)/\\_//(\/(/\)/\//\/|_)_______ Goodbye spontiff the Healer... You died in The Gnomish Mines on dungeon level 6 with 350 points, and 359 pieces of gold, after 5794 moves. You were level 1 with a maximum of 20 hit points when you died.